 Dungeon Crawl Stone Soup version 0.22-a0-455-ga0624bf (webtiles) character file.

24702 nikopol the Eclecticist (level 12, -7/62 HPs)
             Began as a Deep Elf Fire Elementalist on June 4, 2018.
             Was an Elder of Vehumet.
             Mangled by a tarantella (10 damage)
             ... on level 3 of the Lair of Beasts on June 5, 2018.
             The game lasted 01:19:46 (18712 turns).

nikopol the Eclecticist (DEFE)                     Turns: 18712, Time: 01:19:47

Health: -7/62      AC:  9    Str:  5    XL:     12   Next: 83%
Magic:  33/33      EV: 15    Int: 26    God:    Vehumet [****..]
Gold:   643        SH:  0    Dex: 15    Spells: 18/41 levels left

rFire    . . .     SeeInvis +   x - +0 dagger (venom)
rCold    + . .     Gourm    .   (no shield)
rNeg     . . .     Faith    .   u - +3 robe "Diojops" {*Corrode Regen+ SInv}
rPois    .         Spirit   .   w - +0 helmet
rElec    .         Reflect  .   (no cloak)
rCorr    .         Harm     .   (no gloves)
MR       +....                  y - +2 pair of boots
Stlth    +.........             (no amulet)
HPRegen  0.60/turn              (no ring)
MPRegen  0.23/turn              B - ring of protection from cold

@: confused, very slightly contaminated, invisible
A: no striking features
a: Renounce Religion


You were on level 3 of the Lair of Beasts.
You worshipped Vehumet.
Vehumet was greatly pleased with you.
You were not hungry.

You visited 3 branches of the dungeon, and saw 15 of its levels.
You also visited: Sewer and Ossuary.

You collected 1107 gold pieces.
You spent 464 gold pieces at shops.

Inventory:

Hand Weapons
 x - a +0 dagger of venom (weapon)
Armour
 u - the +3 robe "Diojops" (worn) {*Corrode Regen+ SInv}
   (You bought it in a shop on level 6 of the Dungeon)

   It lets you see invisible.
   It increases your rate of regeneration.
   It may corrode you when you take damage.
 w - a +0 helmet (worn)
 y - a +2 pair of boots (worn)
Jewellery
 B - a ring of protection from cold (right hand)
Wands
 g - a wand of flame (74)
 s - a wand of scattershot (7)
 t - a wand of disintegration (10)
 v - a wand of acid (11)
 C - a wand of clouds (5)
 E - a wand of random effects (28)
Scrolls
 f - 8 scrolls of remove curse
 h - 4 scrolls of enchant weapon
 l - a scroll of blinking
 m - 4 scrolls of teleportation
 n - 4 scrolls of amnesia
 A - 2 scrolls of magic mapping
Potions
 a - a potion of berserk rage {unknown}
 b - 9 potions of curing
 d - 4 potions of lignification
 i - 7 potions of flight
 j - 4 potions of haste
 k - 2 potions of agility
 o - 2 potions of invisibility
 p - a potion of magic
 q - 3 potions of might
 r - a potion of experience {unknown}
Comestibles
 c - 25 rations
 D - 4 chunks of flesh


   Skills:
 + Level 1.7 Fighting
 + Level 5.7 Dodging
 + Level 5.2 Stealth
 - Level 0.1 Unarmed Combat
 + Level 15.1 Spellcasting
 + Level 13.1 Conjurations
 + Level 11.7 Fire Magic
 + Level 6.7 Earth Magic
 + Level 0.5 Evocations


You had 18 spell levels left.
You knew the following spells:

 Your Spells              Type           Power        Failure   Level  Hunger
a - Flame Tongue          Conj/Fire      #####        0%          1    None
b - Throw Flame           Conj/Fire      ######       1%          2    None
c - Conjure Flame         Conj/Fire      ######..     1%          3    None
d - Sticky Flame          Conj/Fire      ######..     1%          4    None
e - Fireball              Conj/Fire      ######....   1%          5    #......
f - Iron Shot             Conj/Erth      ######....   1%          6    ####...
g - Blink                 Tloc           N/A          4%          2    None

Your spell library contained the following spells:

 Spells                   Type           Power        Failure   Level  Hunger
 Cause Fear               Hex            ###.......   26%         4    None
 Magic Dart               Conj           ####         0%          1    None
 Bolt of Fire             Conj/Fire      ######....   1%          6    ####...
 Bolt of Magma            Conj/Fire/Erth ######....   1%          5    #......
 Slow                     Hex            ###.....     4%          2    None
 Mephitic Cloud           Conj/Pois/Air  #####...     1%          3    None
 Iskenderun's Mystic Bla  Conj           ######..     1%          4    None
 Call Imp                 Summ           ###.....     4%          2    None
 Regeneration             Chrm/Necr      ###.......   9%          3    None
 Stone Arrow              Conj/Erth      ######       1%          3    None
 Recall                   Summ/Tloc      N/A          9%          3    None
 Spider Form              Tmut/Pois      ###.......   9%          3    None
 Blade Hands              Tmut           ###.......   58%         5    #......
 Statue Form              Tmut/Erth      #####....    71%         6    ####...
 Ice Form                 Ice/Tmut       ###.....     26%         4    None
 Dragon Form              Tmut           ###.......   100%        7    ######.
 Passwall                 Tmut/Erth      #####...     1%          2    None
 Sticks to Snakes         Tmut           ###.....     4%          2    None
 Shatter                  Erth           ######....   100%        9    #######
 Lee's Rapid Deconstruct  Erth           ######....   1%          5    #......
 Sandblast                Erth           ######       1%          1    None
 Excruciating Wounds      Chrm/Necr      ###.......   58%         5    #......
 Petrify                  Tmut/Erth      #####...     7%          4    None
 Leda's Liquefaction      Hex/Erth       #####.....   7%          4    None
 Shroud of Golubria       Chrm/Tloc      ###.......   4%          2    None
 Inner Flame              Hex/Fire       ######..     1%          3    None
 Beastly Appendage        Tmut           ###...       2%          1    None
 Fulminant Prism          Conj/Hex       ######....   1%          4    None
 Dazzling Spray           Conj/Hex       ######       1%          3    None
 Force Lance              Conj/Tloc      ######..     1%          4    None
 Infusion                 Chrm           ###.         2%          1    None
 Song of Slaying          Chrm           ###.....     4%          2    None
 Spectral Weapon          Hex/Chrm       ###.....     9%          3    None
 Searing Ray              Conj           ######       0%          2    None
 Dragon's Call            Summ           ###.......   100%        9    #######


Dungeon Overview and Level Annotations

Branches:
Dungeon (10/15)            Temple (1/1) D:7            Lair (4/6) D:9
 Shoals (0/4) Lair:2       Spider (0/4) Lair:4
    Orc: D:9-12

Altars:
Ashenzari
Dithmenos
Fedhas
Hepliaklqana
Kikubaaqudgha
Okawaru
Qazlal
Ru
Sif Muna
Uskayaw
Vehumet
Xom
Yredelemnul
Zin

Shops:
D:6 ?[[%

Annotations:
D:8 Pikel


Message History

The tarantella bites you.
* * * LOW HITPOINT WARNING * * *
The tarantella bites you!
* * * LOW HITPOINT WARNING * * *
You're too confused to cast spells.
Okay, then.
You're too confused!
You fade into invisibility!
The tarantella bites you but does no damage.
You are very lightly contaminated with residual magic.
The tarantella closely misses you.
There is a stone staircase leading up here.
The tarantella barely misses you. x2
You climb upwards.
There is a stone staircase leading down here.
You bump into the rock wall.
The tarantella closely misses you. The tarantella bites you.
* * * LOW HITPOINT WARNING * * *
You bump into the rock wall.
The tarantella bites you!
You die...

..# #...## #........ .## ##..P#
###...... ## ##..## ##...... #
#...## ##....... #....##
#.)...... ##....# ##.......
##...#### ##..>.... #......#
#........ ##@...## ##.......
###### #.#s.P#####........
#######P##.####....#............
##.##.#.......#.........#.#......
....##.........#.................
...........##....................
.................................
.................................
...............................<.


You could see a tarantella.

Vanquished Creatures
  Gastronok (Lair:1)
  A catoblepas (Lair:2)
  A two-headed ogre (D:8)
  A death yak (D:9)
  The ghost of Asanbosam the Cudgeler, a novice GnWn of Cheibriados (D:8)
  An oklob plant (D:4)
  3 black mambas
  An elephant (D:9)
  A merfolk siren (Lair:2)
  Joseph (D:9)
  9 spiny frogs
  A kobold demonologist (D:7)
  4 komodo dragons
  A queen bee (D:9)
  5 polar bears (Lair:3)
  6 blink frogs
  8 hippogriffs
  12 yaks
  A hungry ghost (D:9)
  Grum (Lair:1)
  A basilisk (Lair:2)
  6 porcupines
  5 water moccasins
  A black bear (Lair:3)
  3 sky beasts
  7 orc warriors
  A hornet zombie (D:9)
  2 ice beasts
  2 phantoms (D:9)
  3 centaurs
  4 ogres
  8 wolves
  6 crocodiles
  2 big kobolds
  6 bullfrogs
  3 scorpions
  A spriggan skeleton (D:9)
  22 killer bees
  14 wights
  An electric eel (D:6)
  2 crimson imps
  3 bullfrog zombies
  3 centaur zombies
  3 jellies
  2 hounds
  5 orc priests
  A bullfrog skeleton (D:7)
  5 centaur skeletons (D:9)
  A gnoll shaman (D:6)
  Terence (D:2)
  5 iguanas
  3 orc wizards
  2 killer bee zombies (D:5)
  10 worker ants
  A big kobold zombie (Ossuary)
  8 mummies (Ossuary)
  A howler monkey zombie (D:7)
  2 worker ant zombies
  8 gnolls
  13 adders
  3 river rats (Sewer)
  3 shadow imps
  2 oozes
  3 adder skeletons
  An adder zombie (D:8)
  A worm (D:2)
  2 dart slugs (D:1)
  8 leopard geckos
  33 orcs
  11 giant cockroaches
  7 hobgoblins
  7 jackals
  18 kobolds
  2 quokkas
  3 ball pythons
  4 bats
  6 frilled lizards
  2 gnoll zombies (Ossuary)
  8 goblins
  A hobgoblin zombie (Ossuary)
  4 kobold zombies (Ossuary)
  A leopard gecko skeleton (D:4)
  2 quokka zombies
  10 rats
  A rat zombie (D:6)
  5 fungi
  6 plants
391 creatures vanquished.

Vanquished Creatures (others)
  An ogre (D:5)
  A killer bee (D:5)
  An adder (D:5)
  An orc (D:5)
  A ball python (D:5)
  A quokka (D:5)
  4 fungi
  3 plants (Lair:2)
13 creatures vanquished.

Grand Total: 404 creatures vanquished

Notes
Turn   | Place    | Note
-------+----------+-------------------------------------------
     0 | D:1      | nikopol the Deep Elf Fire Elementalist began the quest for the Orb.
     0 | D:1      | Reached XP level 1. HP: 10/10 MP: 6/6
   110 | D:1      | Upgraded the game from 0.22-a0-448-g1fb7470 to 0.22-a0-455-ga0624bf
   209 | D:1      | Reached XP level 2. HP: 15/15 MP: 4/8
   676 | D:2      | Reached XP level 3. HP: 19/19 MP: 6/10
   835 | D:2      | Reached skill level 4 in Spellcasting
  1013 | D:1      | Learned a level 2 spell: Throw Flame
  1017 | D:1      | Learned a level 3 spell: Conjure Flame
  1420 | D:2      | Reached XP level 4. HP: 10/24 MP: 2/12
  1627 | D:2      | Noticed Terence
  1672 | D:2      | Killed Terence
  1952 | D:2      | Reached XP level 5. HP: 28/28 MP: 7/14
  2078 | D:2      | Learned a level 4 spell: Sticky Flame
  2431 | D:3      | Found a deep blue altar of Sif Muna.
  2883 | D:4      | Found a basalt altar of Yredelemnul.
  2899 | D:4      | Reached skill level 5 in Spellcasting
  3154 | D:4      | Reached skill level 5 in Fire Magic
  3242 | D:4      | Reached XP level 6. HP: 32/32 MP: 8/15
  3249 | D:4      | Learned a level 5 spell: Fireball
  3531 | D:4      | Found a blossoming altar of Fedhas.
  3551 | D:4      | Noticed an oklob plant
  3890 | D:5      | Entered Level 5 of the Dungeon
  3900 | D:5      | Found a hazy altar of Hepliaklqana.
  3912 | D:5      | Found a sacrificial altar of Ru.
  3964 | D:5      | Found a glowing drain.
  4061 | Sewer    | Entered a sewer
  4285 | Sewer    | Reached skill level 6 in Spellcasting
  4285 | Sewer    | Reached XP level 7. HP: 36/36 MP: 3/18
  4411 | Sewer    | Found a white marble altar of Elyvilon.
  4953 | D:5      | Found a shimmering altar of Xom.
  5144 | D:6      | Found Xeinim's Magic Scroll Shop.
  5158 | D:6      | Reached skill level 5 in Conjurations
  5195 | D:6      | Found a sand-covered staircase.
  5203 | D:6      | Reached skill level 7 in Spellcasting
  5207 | Ossuary  | Entered an ossuary
  5519 | Ossuary  | Reached XP level 8. HP: 42/42 MP: 11/20
  5783 | D:6      | Found Ihivus's Antique Armour Shoppe.
  5795 | D:6      | Bought a fabulously ornate robe for 176 gold pieces
  5805 | D:6      | Identified the +3 robe "Diojops" {*Corrode Regen+ SInv} (You bought it in a shop on level 6 of the Dungeon)
  6059 | D:6      | Bought a scroll of teleportation for 39 gold pieces
  6201 | D:6      | Found Polulu's Food Shop.
  6337 | D:6      | You fall through a shaft for 2 floors!
  6338 | D:8      | Noticed a hippogriff
  6344 | D:8      | Killed a hippogriff
  6344 | D:8      | Reached skill level 8 in Spellcasting
  6933 | D:8      | Reached XP level 9. HP: 46/46 MP: 20/23
  7234 | D:8      | Reached skill level 9 in Spellcasting
  7251 | D:7      | Found a staircase to the Ecumenical Temple.
  7257 | Temple   | Entered the Ecumenical Temple
  7278 | Temple   | Became a worshipper of Vehumet
  7541 | D:6      | Found Zoteph's Antique Armour Shoppe.
  7546 | D:6      | Bought a pair of embroidered boots for 210 gold pieces
  7916 | D:4      | Killed an oklob plant
  8112 | D:6      | Reached skill level 10 in Spellcasting
  8737 | D:7      | Noticed a kobold demonologist
  8741 | D:7      | Noticed a centaur warrior
  8743 | D:7      | Noticed a red devil
  8747 | D:7      | Noticed a smoke demon
  8966 | D:7      | Killed a kobold demonologist
  9099 | D:6      | Reached XP level 10. HP: 38/51 MP: 17/26
  9258 | D:7      | Learned a level 6 spell: Iron Shot
  9271 | D:7      | Reached * piety under Vehumet
  9271 | D:7      | Offered knowledge of Shock by Vehumet.
  9355 | D:7      | Reached skill level 1 in Earth Magic
  9801 | D:6      | Bought a scroll of remove curse for 39 gold pieces
 10250 | D:7      | Identified the Catalogue of Dislocated Sinister Magic
 10255 | D:7      | Learned a level 2 spell: Blink
 10559 | D:8      | Noticed Pikel
 10753 | D:8      | Reached skill level 11 in Spellcasting
 10851 | D:8      | Noticed a two-headed ogre
 10865 | D:8      | Killed a two-headed ogre
 10865 | D:8      | Reached skill level 10 in Conjurations
 11077 | D:8      | Noticed Asanbosam's ghost (novice GnWn)
 11083 | D:8      | Killed Asanbosam's ghost
 11436 | D:8      | Found a shadowy altar of Dithmenos.
 11469 | D:8      | Reached skill level 12 in Spellcasting
 11469 | D:8      | Reached ** piety under Vehumet
 11474 | D:8      | Offered knowledge of Throw Frost by Vehumet.
 11878 | D:9      | Noticed an elephant
 11879 | D:9      | Noticed a death yak
 11881 | D:9      | Reached XP level 11. HP: 55/55 MP: 13/29
 12139 | D:9      | Reached skill level 10 in Fire Magic
 12252 | D:9      | Killed a death yak
 12252 | D:9      | Reached skill level 1 in Fighting
 12530 | D:9      | Reached skill level 5 in Earth Magic
 12683 | D:9      | Offered knowledge of Static Discharge by Vehumet.
 12901 | D:9      | Noticed Joseph
 12907 | D:9      | Killed Joseph
 13070 | D:9      | Reached *** piety under Vehumet
 13229 | D:9      | Found a staircase to the Lair.
 13934 | D:9      | Reached skill level 13 in Spellcasting
 14065 | D:9      | Offered knowledge of Olgreb's Toxic Radiance by Vehumet.
 14145 | D:10     | Entered Level 10 of the Dungeon
 14254 | Lair:1   | Entered Level 1 of the Lair of Beasts
 14382 | Lair:1   | Noticed Gastronok
 14697 | Lair:1   | Killed Gastronok
 14921 | Lair:1   | Reached XP level 12. HP: 61/61 MP: 13/31
 15393 | Lair:1   | Reached skill level 5 in Stealth
 15438 | Lair:1   | Noticed Grum
 15476 | Lair:1   | Killed Grum
 15923 | Lair:2   | Noticed a catoblepas
 15945 | Lair:2   | Killed a catoblepas
 15945 | Lair:2   | Reached skill level 14 in Spellcasting
 15950 | Lair:2   | Reached **** piety under Vehumet
 16173 | Lair:2   | Reached skill level 5 in Dodging
 16403 | Lair:2   | Offered knowledge of Ignite Poison by Vehumet.
 16405 | Lair:2   | Found a staircase to the Shoals.
 17862 | Lair:3   | Reached skill level 15 in Spellcasting
 18658 | Lair:4   | Found a hole to the Spider Nest.
 18704 | Lair:4   | HP: 1/62 [tarantella (7)]
 18711 | Lair:3   | HP: 2/62 [tarantella (3)]
 18712 | Lair:3   | Mangled by a tarantella

Vault maps used:
D:1:      eino_arrival_cavern_d, minmay_close_crescents
D:2:      uniq_terence
D:3:      lemuel_doored_altar
D:4:      overflow_temple_1_default, first_ration, tgw_fedhas
D:5:      xom_confusion_cloud, grunt_temple_overflow_open, portal_sewer_entry_f,
          kennysheep_generic_room_13
D:6:      serial_shops, shop_scrolls, nicolae_shop_overgrown_old_shop, shop,
          shop, enter_ossuary_4, minivault_14, eino_tiny_chamber
D:7:      minmay_the_grid_plus_closed, minmay_temple_entry_from_below_a
D:8:      hangedman_cross_stitches, kennysheep_little_box, uniq_pikel
D:9:      kennysheep_big_flooded_room, david_lair_generic, david_nohive_1,
          hangedman_tell_no_tales, uniq_joseph
D:10:     basic_altar, nicolae_tso_carved_into_rock
Temple:   eino_temple_scatter_basement
Lair:1:   grunt_megastairs_5, lemuel_fruit_tree, uniq_grum, uniq_gastronok
Lair:2:   minmay_shoals_entry_lonely_mermaid, nzn_random_ring
Lair:3:   beast_lair_carwin_large_2, cheibrodos_lair_reptile_den
Lair:4:   spider_nest_entry_rubble, serial_forest,
          infiniplex_forest_clump_curved, infiniplex_forest_join,
          infiniplex_forest_join, infiniplex_forest_lined_room_2,
          infiniplex_forest_lined_4_way, lab_entry_generic, pond
Sewer:    sewer_kobolds
Ossuary:  ossuary_tomb_3

Skill      XL: |  1  2  3  4  5  6  7  8  9 10 11 12 |
---------------+-------------------------------------+-----
Fire Magic     | 4 5 6 8 9 11 | 11.7
Spellcasting   | 4 5 6 7 8 10 12 13 15 | 15.1
Conjurations   | 2 3 4 5 6 9 10 11 13 | 13.1
Stealth        | 3 4 5 |  5.2
Dodging        | 3 4 5 |  5.7
Earth Magic    | 4 6 |  6.7
Fighting       | 1 |  1.7
Unarmed Combat | |  0.1
Evocations     | |  0.5

Action                   |  1- 3 |  4- 6 |  7- 9 | 10-12 || total
-------------------------+-------+-------+-------+-------++-------
Melee: Unarmed           |     2 |     4 |     1 |       ||     7
       Dagger            |       |       |       |     2 ||     2
 Cast: Flame Tongue      |    74 |   104 |   200 |   262 ||   640
       Throw Flame       |       |    11 |    10 |    46 ||    67
       Conjure Flame     |       |     3 |     8 |    10 ||    21
       Sticky Flame      |       |     6 |    20 |   102 ||   128
       Fireball          |       |       |    27 |    85 ||   112
       Iron Shot         |       |       |       |     9 ||     9
       Blink             |       |       |       |     4 ||     4
Evoke: Wand              |       |       |       |     4 ||     4
  Use: Scroll            |       |     6 |     7 |    11 ||    24
       Potion            |       |     2 |       |     5 ||     7
  Eat: Chunk             |     1 |    10 |    12 |    21 ||    44
       Ration            |       |       |     2 |     6 ||     8
Armor: Robe              |     3 |       |     9 |    58 ||    70
       Skin              |       |     3 |       |    22 ||    25
Dodge: Dodged            |    27 |    16 |    27 |   127 ||   197

Table legend:
 A = Spawn XP
 B = Non-spawn XP
 C = Spawn XP percentage of total XP
 D = Spawn monster count
 E = Non-spawn monster count
 F = Spawn count percentage of total count
 G = Total turns spent on level
                    A         B        C        D         E        F      G
               +---------+---------+-------+---------+---------+-------+---------
         Total |       0 |   35289 |   0.0 |       0 |     380 |   0.0 | 18712
               +---------+---------+-------+---------+---------+-------+---------
           D:1 |       0 |      38 |   0.0 |       0 |      23 |   0.0 |   874
           D:2 |       0 |     168 |   0.0 |       0 |      28 |   0.0 |  1216
           D:3 |       0 |      50 |   0.0 |       0 |      17 |   0.0 |   604
           D:4 |       0 |     716 |   0.0 |       0 |      13 |   0.0 |  1668
           D:5 |       0 |     557 |   0.0 |       0 |      24 |   0.0 |   867
           D:6 |       0 |    1049 |   0.0 |       0 |      29 |   0.0 |  1541
           D:7 |       0 |    2449 |   0.0 |       0 |      36 |   0.0 |  2164
           D:8 |       0 |    5436 |   0.0 |       0 |      55 |   0.0 |  2160
           D:9 |       0 |    5740 |   0.0 |       0 |      61 |   0.0 |  2320
          D:10 |       0 |     447 |   0.0 |       0 |       2 |   0.0 |    21
        Lair:1 |       0 |    6826 |   0.0 |       0 |      20 |   0.0 |  1559
        Lair:2 |       0 |    6538 |   0.0 |       0 |      24 |   0.0 |  1514
        Lair:3 |       0 |    4949 |   0.0 |       0 |      21 |   0.0 |  1221
         Sewer |       0 |     147 |   0.0 |       0 |      11 |   0.0 |   393
       Ossuary |       0 |     179 |   0.0 |       0 |      16 |   0.0 |   485
               +---------+---------+-------+---------+---------+-------+---------
